 Dungeon Crawl Stone Soup version 0.31-a0-960-g0fca184906 (webtiles) character file.

Game seed: 2527678901579728143

32 Gelion the Changeling (level 3, 12/24 HPs)
             Began as an Octopode Shapeshifter on Oct 24, 2023.
             Quit the game on level 2 of the Dungeon.
             The game lasted 00:02:47 (854 turns).

Gelion the Changeling (Octopode Shapeshifter)        Turns: 854, Time: 00:02:48

Health: 12/24      AC:  1    Str: 13    XL:     3   Next: 25%
Magic:  3/3        EV: 13    Int: 14    God:
Gold:   59         SH:  0    Dex: 11    Spells: 2/2 levels left

rFire   . .          .
                       - Unarmed
rCold   . . .        (no shield)
rNeg    . . .        (helmet currently unavailable)
rPois   .            (no amulet)
rElec   .            (no ring)
rCorr   .            (no ring)
SInv    .            (no ring)
Will    .....        (no ring)
Stlth   ++           (no ring)
HPRegen 0.24/turn    (no ring)
MPRegen 0.08/turn    (no ring)
                     (no ring)

%: no passive effects
@: beast-form
A: beast (slay +2), almost no armour, amphibious, 8 rings, camouflage 1,
gelatinous body 1, (nimble swimmer 1), tentacles
a: Begin Untransformation


You were on level 2 of the Dungeon.
You were a hulking beast.
You visited 1 branch of the dungeon, and saw 2 of its levels.

You collected 59 gold pieces.

Inventory:

Talismans
 b - a beast talisman
 c - a flux talisman
Scrolls
 d - a scroll of teleportation {unknown}
 e - a scroll of identify {unknown}
 g - a scroll of amnesia {unknown}
Potions
 a - a potion of lignification
 f - a potion of curing {unknown}
 h - a potion of brilliance {unknown}
 i - a potion of haste {unknown}


   Skills:
 + Level 1.7 Fighting
 - Level 2.0 Dodging
 + Level 3.3 Unarmed Combat
 * Level 3.5 Shapeshifting


You had 2 spell levels left.
You didn't know any spells.
Your spell library was empty.

Dungeon Overview and Level Annotations

Branches:
Dungeon (2/15)

Altars:


Innate Abilities, Weirdness & Mutations

You are a hulking beast.
Your limbs bulge with bestial killing power. (Slay +2)
You cannot wear most types of armour.
You are amphibious.
You can wear up to eight rings at the same time.
Your skin changes colour to match your surroundings (Stealth+).
Your rubbery body absorbs attacks. (AC +1, EV +1)
((You are camouflaged when in or above water. (Stealth+)))
You have tentacles for arms and can constrict up to eight enemies at once.


Message History

You escape the ball python's grasp.
The bat barely misses you.
The ball python attacks as it pursues you!
The ball python closely misses you. The ball python barely misses you.
The adder attacks as it pursues you! The adder closely misses you.
The ball python attacks as it pursues you!
The ball python closely misses you. x2
The adder bites you.
You tentacle-slap the adder. You grab the adder.
The adder is moderately wounded.
You constrict the adder.
The adder struggles to escape constriction.
The adder escapes!
You closely miss the ball python. You grab the ball python.
You squeeze the ball python, but do no damage.
The ball python is moderately wounded.
You constrict the ball python. The adder bites you. The ball python misses you.
The ball python barely misses you.
You tentacle-slap the adder. You grab the adder.
The adder is almost dead.
You constrict the adder.
You kill the adder!
You constrict the ball python.
You kill the ball python!
The bat hits you.
You have reached level 3!
Your experience leads to an increase in your attributes!
Increase (S)trength, (I)ntelligence, or (D)exterity?
You feel clever. x2
You are too injured to fight recklessly!
You are too injured to fight recklessly!
A bat is nearby!
You closely miss the bat. Your grab misses the bat.
The bat is moderately wounded.
The bat hits you but does no damage. The bat hits you but does no damage.
You bludgeon the bat!
You kill the bat!
You see here a ball python corpse.
Okay, then.
Are you sure you want to abandon this character and quit the game? (Confirm with "yes".)

... .. ... ##.# #.#
...# #.## #.. #..#
######.#####..#
#.......h†.#..#
###.....#.#..#
#.....#....##
#.....###...#####
#.....).........#
.........#.......#
#.......#.#..(....#
#.......#.........#
........###....<..#


There were no monsters in sight!

Vanquished Creatures
  An adder (D:2)
  An orc (D:2)
  2 ball pythons
  2 bats
  2 endoplasms (D:1)
  A goblin (D:1)
  4 kobolds (D:1)
  2 quokkas (D:1)
  2 frilled lizards (D:1)
  2 rats
19 creatures vanquished.

Notes
Turn   | Place    | Note
-------+----------+-------------------------------------------
     0 | D:1      | Gelion the Octopode Shapeshifter began the quest for the
                  | Orb.
     0 | D:1      | Reached XP level 1. HP: 13/13 MP: 1/1
   255 | D:1      | Reached XP level 2. HP: 18/18 MP: 2/2
   701 | D:1      | Noticed an eye of devastation
   704 | D:1      | Found a faded altar of an unknown god.
   706 | D:1      | Noticed a glass eye
   706 | D:1      | Noticed a glass eye
   706 | D:1      | Noticed a glass eye
   849 | D:2      | Reached XP level 3. HP: 11/24 MP: 3/3
   854 | D:2      | Quit the game

Illustrated notes

Levels and vault maps discovered:
D:1:      giann_forest_graveyard, layout_basic,
          hellmonk_ecumenical_altar_watching_god
D:2:      layout_rooms, nrook_mini_backslash, st_stairs_6

Action                     || total
---------------------------++-------
  Melee: Unarmed           ||    38
         Constrict         ||     7
         Tentacles         ||     6
         Punch             ||     1
   Stab: Sleeping          ||     7
 Armour: Skin              ||    17
  Dodge: Dodged            ||    28

Table legend: (Time is in decaauts)
 A = Elapsed time spent in this place.
 B = Non-inter-level travel time spent in this place.
 C = Inter-level travel time spent in this place.
 D = Time resting spent in this place.
 E = Time spent auto-exploring this place.
 F = Levels seen in this place.
 G = Mean time per level.
                   A        B        C        D        E       F      G
               +--------+--------+--------+--------+--------+-----+--------+
         Total |    852 |    838 |     14 |     28 |    668 |   2 |  426.0 |
       Dungeon |    852 |    838 |     14 |     28 |    668 |   2 |  426.0 |
               +--------+--------+--------+--------+--------+-----+--------+

Top non-repeatable levels by time:
     D:1: 801 daAuts
     D:2: 51 daAuts
